 Dungeon Crawl Stone Soup version 0.29-a0-1009-g60c99734e7 (webtiles) character file.

Game seed: 2451221040208731597

65 spaghetti the Sneak (level 3, -2/22 HPs)
             Began as a Deep Elf Chaos Knight on Aug 9, 2022.
             Was a Plaything of Xom.
             Slain by a salamander (shapeshifter) (8 damage)
             ... on level 2 of the Dungeon.
             The game lasted 00:02:01 (1136 turns).

spaghetti the Sneak (Deep Elf Chaos Knight)         Turns: 1136, Time: 00:02:03

Health: -2/22      AC:  5    Str:  9    XL:     3   Next: 92%
Magic:  5/5        EV: 12    Int: 16    God:    Xom [..*...]
Gold:   78         SH:  0    Dex: 16    Spells: 2/2 levels left

rFire   . . .      SeeInvis .   a - +0 short sword (chaos) {short}
rCold   . . .      Faith    .   (no shield)
rNeg    . . .      Spirit   .   b - +2 leather armour
rPois   .          Reflect  .   (no helmet)
rElec   .          Harm     .   (no cloak)
rCorr   .          Rampage  .   (no gloves)
Will    .....                   (no boots)
Stlth   +++.......              (no amulet)
HPRegen 0.07/turn               (no ring)
MPRegen 0.09/turn               (no ring)

@: no status effects
A: no striking features
a: Renounce Religion


You were on level 2 of the Dungeon.
You worshipped Xom.
You were a toy of Xom.
You visited 1 branch of the dungeon, and saw 2 of its levels.

You collected 78 gold pieces.


   Skills:
 - Level 2.4 Fighting
 - Level 3.0 Short Blades
 - Level 0.7 Armour
 - Level 2.4 Dodging
 + Level 4.8 Stealth


You had 2 spell levels left.
You didn't know any spells.
Your spell library contained the following spells:

 Spells                   Type           Power      Damage    Failure   Level
 Fireball                 Conj/Fire      0%         3d3       100%        5
 Starburst                Conj/Fire      0%         6d3       100%        6
 Ignition                 Fire           0%         3d3       100%        8

Inventory:

Hand Weapons
 a - a +0 short sword of chaos (weapon) {short}
Missiles
 k - 7 stones {throwing}
Armour
 b - a +2 leather armour (worn)
Scrolls
 d - 2 scrolls of identify {unknown}
 i - a scroll of butterflies {unknown}
 j - a scroll of noise {unknown}
 m - a scroll of magic mapping {unknown}
 o - a scroll of teleportation {unknown}
Potions
 e - a potion of brilliance
 n - a potion of invisibility {unknown}
Miscellaneous
 c - a piece from Xom's chessboard (15/15) (quivered)

Dungeon Overview and Level Annotations

Branches:
Dungeon (2/15) Zot: 10874

Altars:

Shops:
D:1

[ #####....#
#######
#....#.....#
#....#.....###
#....#.......#
#....# ......#
# #....#
....?.#..
######
#........
##.N......
#.@†...... ###
#†##...... #..
########.#
..... #..
.......#.##
.... #..
........†.#
... ###
..........# ..
## ##.......#
. #.
#..(.....#
#+########.
#....†...#
#..........


You could see a salamander shaped shifter (very poisoned).


Message History

You are too injured to fight recklessly!
A jackal comes into view.
Xom almost notices you.
Your eyebrows briefly feel incredibly bushy.
Unknown command.
Unknown command.
You are too injured to fight recklessly!
The jackal barks! 😕 HP[+1]
The jackal misses you. The jackal barely misses you.
The jackal bites you but does no damage.
You hit the jackal.
The jackal goes berserk!
The jackal closely misses you. The jackal bites you.
The jackal barely misses you. The jackal misses you. 😕 HP[-2]
You take 2 damage, and now have 19/22 hp.
You closely miss the jackal. The jackal closely misses you.
The jackal bites you. The jackal closely misses you. 😕 HP[-1]
You take 1 damage, and now have 18/22 hp.
You barely miss the jackal. The jackal closely misses you.
The jackal barely misses you. The jackal closely misses you. x2
You closely miss the jackal. Your punch misses the jackal.
The jackal closely misses you. The jackal barely misses you.
The jackal misses you.
You hit the jackal.
You kill the jackal!
The jackal bites you but does no damage.
You closely miss the jackal. The jackal barely misses you.
The jackal bites you. 😕 HP[-1]
You take 1 damage, and now have 17/22 hp.
You hit the jackal. The jackal bites you. 😮 HP[-2]
You take 2 damage, and now have 15/22 hp.
You hit the jackal. You burn the jackal.
You kill the jackal!
A jackal comes into view. 😕 HP[+2]
You regained 2 hp, and now have 17/22 hp.
A jackal is nearby!
A jackal is nearby!
A jackal is nearby!
You are too injured to fight recklessly! 😕 HP[+1]
The jackal barks!
You hear an angry hiss.
You barely miss the jackal. The jackal misses you.
You closely miss the jackal.
The jackal bites you but does no damage.
A frilled lizard comes into view.
The jackal closely misses you.
You hit the jackal but do no damage. The jackal closely misses you.
You hit the jackal. You freeze the jackal.
You kill the jackal!
A frilled lizard comes into view.
You see here a jackal corpse.
The frilled lizard closely misses you.
You barely miss the frilled lizard.
The frilled lizard hisses angrily.
The frilled lizard bites you but does no damage.
You miss the frilled lizard. The frilled lizard barely misses you.
You hit the frilled lizard.
You kill the frilled lizard!
You hit the frilled lizard. You freeze the frilled lizard.
You kill the frilled lizard!
A worm comes into view.
You see here a frilled lizard corpse.
A worm is nearby!
A worm is nearby!
The worm barely misses you. 😕 HP[+1]
You hit the worm.
The worm is poisoned.
The worm misses you.
You completely miss the worm. You punch the worm.
A jackal comes into view.
You hit the worm. The worm closely misses you.
You hit the worm but do no damage. You completely miss the worm.
The worm closely misses you.
You hit the worm.
The worm looks even sicker.
The jackal bites you but does no damage.
You hit the worm. You freeze the worm.
You kill the worm!
The jackal bites you but does no damage.
The jackal misses you.
You hit the jackal.
The jackal seems to speed up.
The jackal bites you. 😕 HP[-1]
You take 1 damage, and now have 18/22 hp.
You barely miss the jackal. The jackal closely misses you.
The jackal barely misses you.
You hit the jackal.
The jackal changes into a shapeshifter!
The shapeshifter changes into a yaktaur!
You hit the yaktaur but do no damage.
The yaktaur changes into a salamander!
You hit the salamander.
The salamander is poisoned.
The salamander hits you!
Ouch! That really hurt!
* * * LOW HITPOINT WARNING * * *
You are engulfed in flames!
You die...
Xom thinks this is hilarious!

Skill      XL: |  1  2  3 |
---------------+----------+-----
Stealth        | 2 3 4 |  4.8
Fighting       | |  2.4
Short Blades   | |  3.0
Armour         | |  0.7
Dodging        | |  2.4

Action                   || total
-------------------------++-------
Melee: Short sword       ||    95
       Punch             ||     1
  Use: Potion            ||     5
 Stab: Sleeping          ||     6
Armor: Leather armour    ||    20
Dodge: Dodged            ||    52

Levels and vault maps discovered:
D:1:      dpeg_arrival_tiny_d, layout_rooms, serial_shops, nicolae_square_shop,
          minmay_pentomino_x2
D:2:      layout_basic, uniq_robin

Notes
Turn   | Place    | Note
-------+----------+-------------------------------------------
     0 | D:1      | spaghetti the Deep Elf Chaos Knight began the quest for the
                  | Orb.
     0 | D:1      | Reached XP level 1. HP: 13/13 MP: 3/3
     0 | D:1      | magus.rc [v1.9.6]
    35 | D:1      | Reached skill level 1 in Stealth
    46 | D:1      | XOM: silly message
    48 | D:1      | Found Xeluzus's Antique Armour Boutique.
   301 | D:1      | Reached skill level 2 in Stealth
   355 | D:1      | Reached XP level 2. HP: 18/18 MP: 4/4
   458 | D:1      | XOM is BORED!
   458 | D:1      | XOM: polymorph quokka -> river rat
   465 | D:1      | Reached skill level 3 in Stealth
   576 | D:1      | XOM: silly message
   626 | D:2      | You pick up a book of Fire and begin reading...
   626 | D:2      | You add the spells Fireball, Starburst and Ignition to your
                  | library.
   756 | D:2      | XOM: silly message
   869 | D:2      | Noticed Robin
   876 | D:2      | Reached XP level 3. HP: 22/22 MP: 5/5
   885 | D:2      | Killed Robin
   886 | D:2      | Reached skill level 4 in Stealth
  1066 | D:2      | XOM: silly message
  1134 | D:2      | Noticed a shapeshifter
  1134 | D:2      | a jackal changed into a shapeshifter
  1134 | D:2      | Noticed a yaktaur
  1134 | D:2      | a shapeshifter changed into a yaktaur
  1135 | D:2      | Noticed a salamander
  1135 | D:2      | a yaktaur changed into a salamander
  1136 | D:2      | Slain by a salamander (shapeshifter)

Vanquished Creatures
  Robin (D:2)
  A river rat (D:1)
  A worm (D:2)
  A dart slug (D:2)
  2 ball pythons (D:1)
  A bat (D:2)
  4 endoplasms
  12 goblins
  3 hobgoblins
  3 jackals (D:2)
  A quokka (D:2)
  4 frilled lizards
  2 rats
36 creatures vanquished.

Table legend:
 A = Non-vault XP
 B = Vault XP
 C = Vault XP percentage of total XP
 D = Non-vault monster count
 E = Vault monster count
 F = Vault count percentage of total count
                 A         B        C        D         E       F
            +---------+---------+-------+---------+---------+-------
      Total |      53 |      40 |  43.0 |      22 |      14 |  38.9
            +---------+---------+-------+---------+---------+-------
        D:1 |      27 |       2 |   6.9 |      10 |       1 |   9.1
        D:2 |      26 |      38 |  59.4 |      12 |      13 |  52.0
            +---------+---------+-------+---------+---------+-------

Illustrated notes

Table legend:
 A = Kills in this place as a percentage of kills in entire the game.
 B = Kills by you in this place as a percentage of kills by you in the entire game.
 C = Kills by friends in this place as a percentage of kills by friends in the entire game.
 D = Other kills in this place as a percentage of other kills in the entire game.
 E = Experience gained in this place as a percentage of experience gained in the entire game.
 F = Experience gained in this place divided by the number of levels of this place that you have seen.
                   A       B       C       D       E      F
               +-------+-------+-------+-------+-------+----------------------
         Total | 100.0 | 100.0 |   N/A |   N/A | 100.0 |  46.5
       Dungeon | 100.0 | 100.0 |   N/A |   N/A | 100.0 |  46.5
               +-------+-------+-------+-------+-------+----------------------

Table legend: (Time is in decaauts)
 A = Elapsed time spent in this place.
 B = Non-inter-level travel time spent in this place.
 C = Inter-level travel time spent in this place.
 D = Time resting spent in this place.
 E = Time spent auto-exploring this place.
 F = Levels seen in this place.
 G = Mean time per level.
                   A        B        C        D        E       F      G
               +--------+--------+--------+--------+--------+-----+--------+
         Total |   1124 |   1110 |     14 |      0 |    903 |   2 |  562.0 |
       Dungeon |   1124 |   1110 |     14 |      0 |    903 |   2 |  562.0 |
               +--------+--------+--------+--------+--------+-----+--------+

Top non-repeatable levels by time:
     D:1: 589 daAuts
     D:2: 535 daAuts
